 Dungeon Crawl Stone Soup version 0.24.0-7-gb3623d2c88 (webtiles) character file.

Game seed: 17687901510550861308, levelgen mode: deterministic

7770 sneks the Thaumaturge (level 11, 0/85 HPs)
             Began as a Mummy Necromancer on Nov 2, 2019.
             Was an Elder of Kikubaaqudgha.
             Slain by an unseen horror (5 damage)
             ... on level 10 of the Dungeon.
             The game lasted 01:00:38 (16524 turns).

sneks the Thaumaturge (Mummy Necromancer)          Turns: 16524, Time: 01:00:38

Health: 0/85       AC:  7    Str: 12    XL:     11   Next: 1%
Magic:  12/37      EV: 12    Int: 26    God:    Kikubaaqudgha [****..]
Gold:   686        SH:  0    Dex: 13    Spells: 25/36 levels left

rFire    x . .     SeeInvis .   p - +8 whip "Xoang" {chaos, *Drain +Blink Int+6 Stlth+}
rCold    + + .     Gourm    .   (no shield)
rNeg     + + +     Faith    .   l - +2 leather armour {rC+}
rPois    ∞         Spirit   .   g - +0 helmet
rElec    .         Reflect  .   h - +0 cloak
rCorr    .         Harm     .   (no gloves)
MR       +++..                  (no boots)
Stlth    +++.......             (no amulet)
HPRegen  0.24/turn              u - ring of magical power
MPRegen  0.25/turn              o - ring of the Mage {Wiz MR++ Int+3}

@: studying Fighting
A: no food or potions, fire vulnerability, cold resistance 1, negative energy
resistance 3, torment resistance, unbreathing
a: Receive Corpses, Renounce Religion, Evoke Blink


You were on level 10 of the Dungeon.
You worshipped Kikubaaqudgha.
Kikubaaqudgha was greatly pleased with you.
You were not hungry.

You visited 2 branches of the dungeon, and saw 11 of its levels.

You collected 686 gold pieces.

Inventory:

Hand Weapons
 e - a +2 mace of crushing
 p - the +8 whip "Xoang" (weapon) {chaos, *Drain +Blink Int+6 Stlth+}
   (You took it off an orc on level 9 of the Dungeon)

   Each time it hits an enemy it has a different, random effect.
   It affects your intelligence (+6).
   It lets you blink.
   It causes draining when unequipped.
   It makes you more stealthy.
Armour
 a - a +0 robe
 g - a +0 helmet (worn)
 h - a +0 cloak (worn)
 l - a +2 leather armour of cold resistance (worn)
Jewellery
 o - the ring of the Mage (right hand) {Wiz MR++ Int+3}
   (You found it on level 6 of the Dungeon)

   [ring of wizardry]

   It improves your spell success rate.
   It affects your intelligence (+3).
   It affects your resistance to hostile enchantments.
 u - a ring of magical power (left hand)
 A - an uncursed ring of resist corrosion
Wands
 b - a wand of flame (19)
 c - a wand of iceblast (11)
 k - a wand of disintegration (11)
 m - a wand of enslavement (8)
 n - a wand of digging (6)
 r - a wand of paralysis (9)
Scrolls
 d - 3 scrolls of teleportation
 f - 2 scrolls of enchant armour
 i - 2 scrolls of fog
 j - 10 scrolls of remove curse
 q - a scroll of random uselessness
 s - 2 scrolls of summoning
 t - a scroll of brand weapon
 w - 2 scrolls of amnesia
 x - 2 scrolls of enchant weapon
 z - a scroll of blinking {unknown}
 B - a scroll of vulnerability {unknown}
 D - 2 scrolls of identify
 E - a scroll of magic mapping {unknown}
Books
 y - a manual of Fighting
Miscellaneous
 v - a lightning rod (4/4)
 C - a crystal ball of energy


   Skills:
 + Level 7.7 Fighting
 - Level 1.2 Maces & Flails
 - Level 2.8 Armour
 - Level 3.0 Dodging
 - Level 2.1 Stealth
 + Level 13.1 Spellcasting
 - Level 0.9 Conjurations
 + Level 10.8 Necromancy
 - Level 0.1 Ice Magic


You had 25 spell levels left.
You knew the following spells:

 Your Spells              Type           Power        Failure   Level  Hunger
a - Pain                  Necr           ####         1%          1    N/A
b - Animate Skeleton      Necr           N/A          1%          1    N/A
c - Vampiric Draining     Necr           ######....   1%          3    N/A
d - Animate Dead          Necr           N/A          1%          4    N/A
e - Throw Frost           Conj/Ice       ###...       2%          2    N/A

Your spell library contained the following spells:

 Spells                   Type           Power        Failure   Level  Hunger
 Confusing Touch          Hex            ###...       1%          1    N/A
 Freeze                   Ice            ###.         1%          1    N/A
 Sandblast                Erth           ###...       1%          1    N/A
 Corpse Rot               Necr           N/A          1%          2    N/A
 Dispel Undead            Necr           ######..     1%          5    N/A
 Passwall                 Tmut/Erth      ###.....     2%          2    N/A
 Stone Arrow              Conj/Erth      ###...       4%          3    N/A
 Bolt of Draining         Conj/Necr      #####.....   4%          5    N/A
 Confuse                  Hex            ###.....     5%          3    N/A
 Gell's Gravitas          Tloc           ###.......   5%          3    N/A
 Ozocubu's Armour         Chrm/Ice       ###.....     5%          3    N/A
 Borgnjor's Vile Clutch   Necr/Erth      #####.....   5%          5    N/A
 Excruciating Wounds      Chrm/Necr      #####.....   5%          5    N/A
 Throw Icicle             Conj/Ice       ###.....     14%         4    N/A
 Petrify                  Tmut/Erth      ###.....     16%         4    N/A
 Summon Ice Beast         Ice/Summ       ###.....     16%         4    N/A
 Simulacrum               Ice/Necr       #####.....   26%         6    N/A
 Lee's Rapid Deconstruct  Erth           ###.......   41%         5    N/A
 Metabolic Englaciation   Hex/Ice        ###.......   41%         5    N/A
 Yara's Violent Unravell  Hex/Tmut       ###.......   41%         5    N/A
 Bolt of Cold             Conj/Ice       ###.......   88%         6    N/A
 Freezing Cloud           Conj/Ice/Air   ###.......   89%         6    N/A
 Ozocubu's Refrigeration  Ice            ###.......   91%         6    N/A
 Regeneration             Chrm/Necr      Unusable     N/A         3    N/A
 Ice Form                 Ice/Tmut       Unusable     N/A         4    N/A

Dungeon Overview and Level Annotations

Branches:
Dungeon (10/15)            Temple (1/1) D:5            Lair (0/6) D:8
    Orc: D:9-12

Altars:
Ashenzari
Cheibriados
Dithmenos
Elyvilon
Fedhas
Gozag
Hepliaklqana
Kikubaaqudgha
Makhleb
Nemelex Xobeh
Okawaru
Qazlal
Ru
Sif Muna
Trog
Uskayaw
Vehumet
Wu Jian
Xom
Yredelemnul
Zin
The Shining One
Beogh

Shops:
D:10 ?


Innate Abilities, Weirdness & Mutations

You do not eat or drink.
Your flesh is vulnerable to fire.
You are immune to poison.
Your flesh is cold resistant. (rC+)
You are immune to negative energy. (rN+++)
You are immune to unholy pain and torment.
You can survive without breathing.


Message History

Something hits you.
* * * LOW HITPOINT WARNING * * *
Okay, then.
Something hits you!
* * * LOW HITPOINT WARNING * * *
Casting: Animate Dead (safe; 1% risk of failure)
Confirm with . or Enter, or press ? or * to list all spells.
You can't see any susceptible monsters within range! (Use Z to cast anyway.) Unknown command.
You blink.
Something hits you.
* * * LOW HITPOINT WARNING * * *
Something hits you.
* * * LOW HITPOINT WARNING * * *
You can't drink.
As you read the scroll of fog, it crumbles to dust.
The scroll dissolves into smoke.
Something hits you but does no damage. x2
Something hits you.
You die...
Kikubaaqudgha rasps: "You have failed me!
Welcome... oblivion!"

#.#.# #.#. ####Z##
#<#.# #..# #......
#)#.# #..# .#.##.##
#)#.######..###.#.##.#.
#.)...)..).....##.##Z#.
#.#######)..#.###.♣#.#.
#.# #..............
#.#######§#.#.###♣∩♣...
#...§§@{§§.....##..####
#[#######§#.#.....♣....
#.# #.#.###########
#.#######)#.#
#........[#.#
###########.# #.# #..
###


There were no monsters in sight!

Vanquished Creatures
  A two-headed ogre (D:8)
  Pikel (D:9)
  A centaur zombie (D:10)
  A hippogriff (D:7)
  2 wyverns
  A hungry ghost (D:10)
  A porcupine (D:8)
  A water moccasin (D:8)
  3 ice beasts
  8 orc warriors
  8 ogres
  A sky beast (D:5)
  3 black bears
  3 slaves (D:9)
  8 centaurs
  2 big kobolds (D:8)
  2 gnoll sergeants
  5 bullfrogs
  A water moccasin zombie (D:5)
  3 scorpions
  3 howler monkeys
  2 crimson imps
  4 hounds
  3 jellies (D:9)
  A bullfrog skeleton (D:5)
  4 orc priests
  18 orc wizards
  7 worker ants
  2 iguanas
  A hound skeleton (D:5)
  A howler monkey zombie (D:7)
  Robin (D:1)
  13 gnolls
  6 adders
  2 shadow imps (D:10)
  2 oozes
  An adder zombie (D:7)
  A worm (D:6)
  A dart slug (D:3)
  9 leopard geckos
  56 orcs
  4 giant cockroaches
  12 goblins
  9 hobgoblins
  15 jackals
  13 kobolds
  4 quokkas
  2 bats (D:1)
  5 frilled lizards
  A jackal skeleton (D:8)
  A quokka skeleton (D:9)
  5 rats
265 creatures vanquished.

Vanquished Creatures (collateral kills)
  Harold (D:9)
  An ice beast (D:9)
  A phantom (D:8)
  2 bullfrogs
  A crimson imp (D:6)
  2 bullfrog skeletons (D:9)
  An orc priest (D:9)
  A hound zombie (D:8)
  An adder (D:9)
  An adder skeleton (D:6)
  4 orcs
  A ball python skeleton (D:4)
  A leopard gecko zombie (D:5)
18 creatures vanquished.

Vanquished Creatures (others)
  An orc (D:8)
  6 fungi (D:8)
7 creatures vanquished.

Grand Total: 290 creatures vanquished

Notes
Turn   | Place    | Note
-------+----------+-------------------------------------------
     0 | D:1      | sneks the Mummy Necromancer began the quest for the Orb.
     0 | D:1      | Reached XP level 1. HP: 13/13 MP: 4/4
   375 | D:1      | Reached XP level 2. HP: 19/19 MP: 0/5
  1025 | D:2      | Reached skill level 3 in Spellcasting
  1526 | D:2      | Noticed Robin
  1534 | D:1      | Killed Robin
  1534 | D:1      | Reached XP level 3. HP: 24/24 MP: 0/7
  1935 | D:2      | Found a white marble altar of Elyvilon.
  2097 | D:2      | Reached skill level 4 in Spellcasting
  2224 | D:2      | Found a faded altar of an unknown god.
  2350 | D:2      | Reached XP level 4. HP: 30/30 MP: 7/10
  2457 | D:2      | Found a glowing silver altar of Zin.
  3080 | D:3      | Learned a level 1 spell: Animate Skeleton
  3109 | D:3      | Reached skill level 5 in Necromancy
  4142 | D:4      | Reached skill level 5 in Spellcasting
  4142 | D:4      | Reached XP level 5. HP: 12/35 MP: 2/12
  4976 | D:4      | Reached XP level 6. HP: 39/41 MP: 9/14
  5030 | D:4      | Learned a level 3 spell: Vampiric Draining
  5035 | D:4      | Learned a level 4 spell: Animate Dead
  5057 | D:4      | Found the +18 shield of the Gong {rElec rN+ MR+ EV-5}
  5365 | D:4      | Reached skill level 6 in Spellcasting
  6173 | D:5      | Entered Level 5 of the Dungeon
  6518 | D:5      | Reached XP level 7. HP: 29/46 MP: 2/17
  6643 | D:5      | Found a staircase to the Ecumenical Temple.
  6681 | Temple   | Entered the Ecumenical Temple
  6976 | Temple   | Became a worshipper of Kikubaaqudgha
  7067 | D:5      | Reached skill level 7 in Spellcasting
  7105 | D:5      | Found a snail-covered altar of Cheibriados.
  7263 | D:5      | Reached skill level 1 in Armour
  8234 | D:5      | Reached XP level 8. HP: 47/52 MP: 11/19
  8313 | D:5      | Found a bloodstained altar of Trog.
  8373 | D:6      | Found the ring of the Mage {Wiz MR++ Int+3}
  8386 | D:6      | Reached skill level 8 in Spellcasting
  8415 | D:6      | Reached skill level 1 in Fighting
  8516 | D:6      | Reached * piety under Kikubaaqudgha
  8516 | D:6      | Identified Kikubaaqudgha's Reference Book on Unholy Arts
                  | (Kikubaaqudgha gifted it to you on level 6 of the Dungeon)
  8516 | D:6      | Received a gift from Kikubaaqudgha
  8881 | D:6      | Found a basalt altar of Yredelemnul.
  9231 | D:6      | Found a glowing golden altar of the Shining One.
  9233 | D:6      | Noticed an angel
  9293 | D:7      | Noticed a hippogriff
  9873 | D:7      | Reached skill level 9 in Spellcasting
  9894 | D:6      | Learned a level 2 spell: Throw Frost
 10022 | D:7      | Reached skill level 1 in Maces & Flails
 10296 | D:7      | Reached XP level 9. HP: 33/59 MP: 22/22
 10908 | D:8      | Reached skill level 10 in Spellcasting
 11316 | D:8      | Reached ** piety under Kikubaaqudgha
 11482 | D:8      | Reached skill level 11 in Spellcasting
 11612 | D:8      | Noticed a two-headed ogre
 11638 | D:8      | Killed a two-headed ogre
 11850 | D:8      | Found a hide-covered altar of Uskayaw.
 11852 | D:8      | Noticed a +0 hand axe
 11852 | D:8      | Noticed a +0 hand axe
 11921 | D:8      | Identified the +3 robe "Vadag" {Slay+3}
 12177 | D:8      | Reached XP level 10. HP: 67/67 MP: 25/25
 12215 | D:8      | Found a roughly hewn altar of Beogh.
 12574 | D:8      | Found a staircase to the Lair.
 13134 | D:9      | Reached skill level 12 in Spellcasting
 13313 | D:9      | Noticed Harold
 13338 | D:9      | Killed Harold
 13339 | D:9      | Reached skill level 10 in Necromancy
 13962 | D:9      | Reached skill level 5 in Fighting
 14053 | D:9      | Identified the +8 whip "Xoang" {chaos, *Drain +Blink Int+6
                  | Stlth+}
 14055 | D:9      | Reached *** piety under Kikubaaqudgha
 14055 | D:9      | Identified Kikubaaqudgha's Guide on Stolen Souls
                  | (Kikubaaqudgha gifted it to you on level 9 of the Dungeon)
 14055 | D:9      | Received a gift from Kikubaaqudgha
 14137 | D:9      | Noticed Pikel
 14143 | D:9      | Found a radiant altar of Vehumet.
 14393 | D:9      | Killed Pikel
 14971 | D:9      | Found a burning altar of Makhleb.
 15114 | D:10     | Entered Level 10 of the Dungeon
 15115 | D:10     | Found a sacrificial altar of Ru.
 16112 | D:10     | Found Moaziu's Magic Scroll Shoppe.
 16145 | D:10     | Reached skill level 13 in Spellcasting
 16147 | D:10     | Reached **** piety under Kikubaaqudgha
 16498 | D:10     | Reached XP level 11. HP: 53/85 MP: 18/28
 16522 | D:10     | HP: 4/85 [something (5)]
 16524 | D:10     | Slain by an unseen horror

Levels and vault maps discovered:
D:1:      dpeg_arrival_three_same_balls, layout_loops_ring
D:2:      layout_basic, elyvilon_altar_3, lemuel_crystal_altar,
          chequers_ecumenical_altar_simple, nrook_mini_vaults, uniq_robin
D:3:      minmay_spotlight, layout_rooms, first_ration,
          kennysheep_generic_room_7
D:4:      layout_gridville
D:5:      layout_loops_cross, lightli_temple_of_fire, cheibriados_altar_1,
          temple_doors_e, minmay_a_box_with_orc_wizards_in_it
D:6:      layout_rooms, grunt_temple_overflow_holy_war
D:7:      layout_gridville, minmay_manual_mares
D:8:      lemuel_ice_spiral_2, layout_rooms, dancing_weapons_uskayaw,
          grunt_lair_entry_orc_guard_hut, special_room [special_room_orc]
D:9:      layout_basic, kennysheep_mini_moat, kennysheep_mini, uniq_harold,
          uniq_pikel
D:10:     layout_loops_ring, hiddenorc2_lemuel, ebering_ghost_inner_flame,
          serial_shops, nicolae_shop_trees, grunt_pizzeria,
          nicolae_ru_sacrificial_ziggurat
Temple:   oiseaux_autumnal_temple

Skill      XL: |  1  2  3  4  5  6  7  8  9 10 |
---------------+-------------------------------+-----
Spellcasting   | 3 4 5 6 7 9 11 13 | 13.1
Necromancy     | 5 6 7 8 9 10 | 10.8
Armour         | 1 2 |  2.8
Dodging        | 2 3 |  3.0
Fighting       | 1 2 7 |  7.7
Stealth        | 2 |  2.1
Maces & Flails | 1 |  1.2
Conjurations   | |  0.9
Ice Magic      | |  0.1

Action                   |  1- 3 |  4- 6 |  7- 9 | 10-12 || total
-------------------------+-------+-------+-------+-------++-------
Melee: Mace              |     2 |     1 |    70 |     3 ||    76
       Whip              |       |       |       |    51 ||    51
 Cast: Pain              |   100 |   168 |   241 |   271 ||   780
       Animate Skeleton  |       |     8 |     8 |       ||    16
       Throw Frost       |       |       |    12 |    23 ||    35
       Vampiric Draining |       |       |    21 |    57 ||    78
       Animate Dead      |       |       |    14 |    26 ||    40
Invok: Receive Corpses   |       |       |       |     1 ||     1
 Abil: Evoke Blink       |       |       |       |     2 ||     2
  Use: Scroll            |       |       |    11 |     1 ||    12
 Stab: Paralysed         |       |       |       |     3 ||     3
Armor: Robe              |     3 |    11 |       |       ||    14
       Leather armour    |       |     3 |    76 |    51 ||   130
Dodge: Dodged            |    28 |    57 |   139 |   102 ||   326
